 Dungeon Crawl Stone Soup version 0.26.1-11-gd32895ea62 (webtiles) character file.

Game seed: 11005294522163848623

182507 pancakes the Deadly Accurate (level 17, 180/180 HPs)
             Began as an Ogre Hunter on Jan 18, 2021.
             Was the Champion of the Shining One.
             Quit the game on level 4 of the Swamp on Sept 26, 2021.
             The game lasted 08:09:30 (43833 turns).

pancakes the Deadly Accurate (Ogre Hunter)         Turns: 43833, Time: 08:09:31

Health: 180/180    AC: 13    Str: 28    XL:     17   Next: 97%
Magic:  38/38      EV: 10    Int: 14    God:    the Shining One [******]
Gold:   3498       SH:  0    Dex:  9    Spells: 24/32 levels left

rFire    + + +     SeeInvis +   a - +0 mace (protect)
rCold    + . .     Faith    .   (no shield)
rNeg     + + +     Spirit   +   y - +0 acid dragon scales
rPois    +         Reflect  .   n - +2 hat of Ytogim {rF++ SInv}
rElec    .         Harm     .   P - +2 cloak {rC+}
rCorr    +         Rampage  .   (gloves unavailable)
Will     +....                  (boots unavailable)
Stlth    +.........             G - amulet of Hedonism {Spirit rF+ Str+3 Int+2}
HPRegen  0.40/turn              W - ring of magical power
MPRegen  0.26/turn              u - ring of poison resistance

@: glowing
A: large, unfitting armour, talons 1, tough skin 1, wild magic 1
}: 1/15 runes: decaying
a: Renounce Religion, Divine Shield, Cleansing Flame, Summon Divine Warrior


You were on level 4 of the Swamp.
You worshipped the Shining One.
The Shining One was exalted by your worship.
You visited 5 branches of the dungeon, and saw 28 of its levels.
You also visited: Gauntlet and Ice Cave.

You collected 3738 gold pieces.
You spent 240 gold pieces at shops.

Inventory:

Hand Weapons
 a - a +0 mace of protection (weapon)
 b - a +5 giant spiked club of holy wrath
 v - a +0 flail of holy wrath
 H - a +2 spectral quarterstaff
Missiles
 c - 2 atropa-tipped darts
 d - a throwing net
 g - 23 large rocks
 i - 56 poisoned darts
 s - 2 boomerangs
 E - 6 javelins (quivered)
 F - 6 silver javelins
 T - 4 silver boomerangs
 Y - 9 curare-tipped darts
Armour
 n - the +2 hat of Ytogim (worn) {rF++ SInv}
   (You acquired it on level 13 of the Dungeon)

   It greatly protects you from fire.
   It lets you see invisible.
 t - a +1 robe of resistance
 y - +0 acid dragon scales (worn)
 N - a +2 robe of willpower
 P - a +2 cloak of cold resistance (worn)
Jewellery
 u - a ring of poison resistance (right hand)
 G - the amulet of Hedonism (around neck) {Spirit rF+ Str+3 Int+2}
   (You found it on level 10 of the Dungeon)

   [amulet of guardian spirit]

   It causes incoming damage to be split between your health and magic.
   It affects your strength (+3).
   It affects your intelligence (+2).
   It protects you from fire.
 U - an uncursed ring of protection from cold
 W - a ring of magical power (left hand)
Wands
 p - a wand of paralysis (20)
 w - a wand of flame (70)
 B - a wand of enslavement (20)
 I - a wand of digging (4)
 M - a wand of iceblast (44)
 S - a wand of disintegration (31)
 Z - a wand of polymorph (6)
Scrolls
 e - 3 scrolls of blinking
 h - 19 scrolls of remove curse
 j - 16 scrolls of teleportation
 k - a scroll of fear
 r - a scroll of immolation
 z - a scroll of vulnerability {unknown}
 J - a scroll of silence
 Q - 4 scrolls of fog
 R - 7 scrolls of magic mapping
Potions
 f - 5 potions of cancellation
 l - 3 potions of haste
 m - 5 potions of flight
 o - 6 potions of lignification
 q - 3 potions of magic
 x - 4 potions of brilliance
 A - a potion of experience {unknown}
 C - 9 potions of curing
 D - 6 potions of heal wounds
 K - a potion of berserk rage
 L - 3 potions of might
Miscellaneous
 V - a phial of floods


   Skills:
 * Level 14.0 Fighting
 - Level 10.9 Maces & Flails
 * Level 19.9 Throwing
 - Level 5.9 Armour
 - Level 3.5 Dodging
 - Level 0.6 Stealth
 - Level 1.2 Shields
 - Level 8.0 Spellcasting
 - Level 5.0 Hexes
 - Level 2.0 Translocations
 - Level 5.1 Transmutations
 - Level 16.1 Invocations


You had 24 spell levels left.
You knew the following spells:

 Your Spells              Type           Power        Failure   Level
b - Blink                 Tloc           N/A          14%         2
f - Corona                Hex            27%          3%          1
w - Tukima's Dance        Hex            25%          9%          3
z - Wereblood             Tmut           25%          4%          2

Your spell library contained the following spells:

 Spells                   Type           Power        Failure   Level
 Beastly Appendage        Tmut           50%          3%          1
 Confusing Touch          Hex            25%          9%          3
 Ensorcelled Hibernation  Hex/Ice        32%          13%         2
 Dazzling Flash           Conj/Hex       32%          22%         3
 Spider Form              Tmut/Pois      8%           22%         3
 Gell's Gravitas          Tloc           7%           28%         3
 Lesser Beckoning         Tloc           7%           28%         3
 Teleport Other           Tloc           14%          28%         3
 Blade Hands              Tmut           12%          54%         5
 Yara's Violent Unravell  Hex/Tmut       12%          54%         5
 Ice Form                 Ice/Tmut       16%          56%         4
 Petrify                  Tmut/Erth      16%          56%         4
 Passage of Golubria      Tloc           N/A          63%         4
 Metabolic Englaciation   Hex/Ice        8%           88%         5
 Haunt                    Necr/Summ      3%           100%        7
 Borgnjor's Revivificati  Necr           3%           100%        8
 Infestation              Necr           3%           100%        8
 Necromutation            Tmut/Necr      8%           100%        8
 Death's Door             Necr           3%           100%        9


Dungeon Overview and Level Annotations

Branches:
Dungeon (15/15)            Temple (1/1) D:4            Lair (6/6) D:8
  Swamp (4/4) Lair:4        Snake (0/4) Lair:2        Slime (0/5) Lair:6
    Orc (2/2) D:9             Elf (0/3) Orc:2        Vaults (0/5) D:14
 Depths (0/5) D:15          IceCv (visited)         Gauntlet (visited)

Altars:
Ashenzari
Cheibriados
Dithmenos
Elyvilon
Gozag
Hepliaklqana
Kikubaaqudgha
Makhleb
Nemelex Xobeh
Okawaru
Qazlal
Ru
Sif Muna
Trog
Uskayaw
Xom
Yredelemnul
Zin
The Shining One
Jiyva

Shops:
D:15 !   Orc:2 :[[[

Annotations:
D:5 1 runed translucent door, Crazy Yiuf


Innate Abilities, Weirdness & Mutations

You are too large for most types of armour.
You have tough skin. (AC +1)
You have sharp toenails.
Your spells are a little harder to cast, but a little more powerful.


Message History

You enter the shallow water.
Moving in this stuff is going to be slow.
You enter the shallow water.
Moving in this stuff is going to be slow.
You see here a chain mail.
You enter the shallow water.
Moving in this stuff is going to be slow.
You see here a ring mail.
You enter the shallow water.
Moving in this stuff is going to be slow.
You enter the shallow water.
Moving in this stuff is going to be slow.
Done exploring.
Done exploring.
There is a stone staircase leading up, spattered with blood here.
Save game and exit?
Welcome back, pancakes the Ogre Hunter.
The Shining One says: Lead the forces of light to victory!
Press ? for a list of commands and other information.
Are you sure you want to abandon this character and quit the game? (Confirm with "yes".)

♣♣♣♣♣ ♣♣♣ ♣♣♣..≈♣ ♣♣♣♣♣♣ ≈.♣
♣♣≈≈≈≈≈♣♣♣♣ ♣.≈.≈♣♣ ≈.♣
♣≈.≈≈≈≈♣≈≈♣ ♣♣≈≈≈..♣ ≈♣♣
♣♣.≈≈≈♣♣..♣♣♣≈.≈≈≈.♣♣ ♣♣
♣♣♣♣♣♣♣♣.....≈≈[♣♣≈....♣♣♣♣ ♣
♣≈≈.≈♣♣...@≈§≈≈....§....♣♣♣
♣.≈(.≈.≈.≈≈≈≈≈≈≈≈....)♣♣≈..
♣♣♣♣♣.....≈≈♣♣.≈≈≈≈...≈.♣♣♣♣≈≈
♣♣♣♣...≈.≈≈♣≈≈≈♣♣≈.≈...≈§...♣ ♣≈≈
....≈≈≈.≈≈≈♣♣♣♣♣.≈≈≈≈♣≈...≈♣♣♣♣.≈
....≈≈≈≈≈.).≈♣ ♣.≈≈≈≈..≈≈≈.♣ ♣≈..
..≈(.≈≈≈≈≈≈≈.♣♣♣♣≈...≈≈≈§§.♣ ♣≈≈≈
≈≈....≈.≈≈≈≈♣..<.≈..≈≈≈≈≈≈.♣ ♣≈≈≈
...♣♣♣.≈≈≈≈<......≈≈≈≈≈≈≈≈.♣ ♣.≈§


There were no monsters in sight!

Vanquished Creatures
  Rupert (D:13)
  4 thorn hunters
  Kirke (D:15)
  Aizul (Swamp:4)
  2 stone giants
  A white draconian (IceCv)
  A minotaur (Gauntlet)
  3 eleionomae (Swamp:3)
  9 bunyips
  A fire dragon (D:12)
  An ettin (D:12)
  A yaktaur captain (D:15)
  An ogre mage (D:15)
  A vault guard (D:14)
  A rakshasa (D:8)
  A ghost crab (Swamp:2)
  25 hydras
  A catoblepas (D:14)
  5 centaur warriors
  6 two-headed ogres
  3 tengu warriors (D:15)
  6 alligators
  11 death yaks
  Urug (Orc:1)
  3 orc high priests (Orc:2)
  Sonja (Lair:5)
  6 unseen horrors
  5 spriggan druids
  4 wizards
  3 goliath frogs
  5 bog bodies
  An orange crystal statue (Lair:2)
  4 orc knights
  2 deep elf magi (D:12)
  4 necromancers
  14 swamp dragons
  2 lindwurms (D:13)
  2 manticores
  4 ugly things
  6 orc sorcerers
  2 will-o-the-wisps
  An oklob plant (Lair:2)
  3 cyclopes
  3 ice statues (IceCv)
  3 centaur zombies
  8 black mambas
  18 elephants
  A torpor snail (Lair:5)
  A gargoyle (D:12)
  29 cane toads
  A minotaur zombie (Gauntlet)
  6 rime drakes
  A yaktaur (D:15)
  A tengu conjurer (D:15)
  11 komodo dragons
  An ice devil (Gauntlet)
  6 trolls
  12 tyrant leeches
  2 bloated husks
  2 hornets
  10 polar bears (IceCv)
  23 blink frogs
  A slime creature (D:8)
  2 dream sheep (Lair:5)
  A meliai zombie (D:14)
  2 centaur simulacra (Gauntlet)
  3 wraiths
  3 spriggans
  2 wyverns
  A water elemental (D:15)
  2 hogs (D:15)
  A vampire (D:14)
  7 basilisks
  44 yaks
  11 vampire mosquitoes
  18 humans (D:14)
  A steam dragon (D:10)
  12 swamp worms
  3 acid dragons
  5 nagas (Lair:2)
  14 water moccasins
  2 harpy simulacra
  A soldier ant (D:8)
  A warg (D:9)
  7 ice beasts
  A hell hound (D:9)
  22 orc warriors
  8 swamp drakes
  2 sky beasts (D:9)
  A black bear (Lair:5)
  2 phantoms
  13 ogres
  An eye of draining (D:15)
  27 wolves
  12 centaurs
  4 big kobolds
  A wyvern zombie (D:11)
  28 bullfrogs
  2 water moccasin zombies (D:8)
  2 scorpions
  A hornet simulacrum (Gauntlet)
  9 killer bees
  21 wights
  4 vampire bats (D:13)
  2 electric eels
  3 howler monkeys
  3 lava snakes (Lair:2)
  A bullfrog zombie (D:9)
  A quasit (D:13)
  5 hounds
  A jelly (D:8)
  2 bullfrog skeletons
  A gnoll shaman (D:9)
  24 orc priests
  4 iguanas
  22 orc wizards
  2 centaur skeletons
  12 hell rats
  Terence (D:3)
  Natasha (thrice) (D:3)
  6 worker ants
  2 worker ant zombies
  Robin (D:2)
  4 gnolls
  12 adders
  17 river rats
  A shadow imp (D:8)
  17 white imps
  An ufetubus (D:2)
  2 oozes
  2 adder skeletons
  2 adder zombies
  10 worms
  A dart slug (D:1)
  6 leopard geckos
  82 orcs
  2 giant cockroaches
  14 goblins
  13 hobgoblins
  2 jackals (D:10)
  12 quokkas
  4 ball pythons
  8 bats
  6 frilled lizards
  21 kobolds
  A leopard gecko skeleton (D:4)
  2 leopard gecko zombies
  17 rats
  A spectral orc (D:7)
960 creatures vanquished.

Vanquished Creatures (others)
  A deep elf mage (D:12)
  2 humans (D:15)
  A dancing weapon (D:15)
  2 briar patches (Swamp:4)
  2 bushes (Lair:6)
  A demonic plant (Gauntlet)
  4 foxfires
  34 fungi
  90 plants
  26 withered plants (Gauntlet)
163 creatures vanquished.

Grand Total: 1123 creatures vanquished

Notes
Turn   | Place    | Note
-------+----------+-------------------------------------------
     0 | D:1      | pancakes the Ogre Hunter began the quest for the Orb.
     0 | D:1      | Reached XP level 1. HP: 22/22 MP: 1/1
   333 | D:1      | Reached XP level 2. HP: 29/29 MP: 2/2
   765 | D:1      | Reached XP level 3. HP: 36/36 MP: 3/3
   949 | D:2      | Noticed Robin
   959 | D:1      | Reached skill level 5 in Throwing
  1642 | D:2      | Reached XP level 4. HP: 28/45 MP: 4/4
  2336 | D:2      | Killed Robin
  2969 | D:3      | Reached XP level 5. HP: 53/53 MP: 5/5
  3080 | D:3      | Reached skill level 6 in Throwing
  3098 | D:3      | Noticed Terence
  3109 | D:3      | Killed Terence
  3174 | D:3      | Noticed Natasha
  3186 | D:3      | Killed Natasha
  3329 | D:3      | Found a shadowy altar of Dithmenos.
  3333 | D:3      | Found a glowing golden altar of the Shining One.
  3333 | D:3      | Found a sparkling altar of Nemelex Xobeh.
  3333 | D:3      | Found an ancient bone altar of Kikubaaqudgha.
  3333 | D:3      | Found a stormy altar of Qazlal.
  3334 | D:3      | Found a bloodstained altar of Trog.
  3356 | D:3      | Became a worshipper of the Shining One
  3609 | D:3      | Noticed Natasha
  3618 | D:3      | Killed Natasha
  3637 | D:3      | Noticed Natasha
  3643 | D:3      | Killed Natasha
  3741 | D:4      | Found a staircase to the Ecumenical Temple.
  3750 | Temple   | Entered the Ecumenical Temple
  3774 | D:4      | Reached XP level 6. HP: 54/61 MP: 6/6
  3882 | D:4      | Reached skill level 7 in Throwing
  3885 | D:4      | HP: 3/61 [poisoned by a killer bee]
  3924 | D:4      | Reached XP level 7. HP: 6/68 MP: 7/7
  3925 | D:4      | Reached skill level 1 in Armour
  3941 | D:4      | HP: 3/68 [poisoned by a killer bee]
  3949 | D:4      | HP: 3/68 [poisoned by a killer bee]
  4547 | D:4      | Reached skill level 1 in Invocations
  4669 | D:4      | Found a hazy altar of Hepliaklqana.
  5071 | D:5      | Entered Level 5 of the Dungeon
  5189 | D:5      | Reached skill level 8 in Throwing
  5738 | D:5      | Reached * piety under the Shining One
  5822 | D:5      | Reached XP level 8. HP: 34/78 MP: 9/9
  6197 | D:5      | Found a runed translucent door.
  6198 | D:5      | Noticed Crazy Yiuf
  6201 | D:5      | Yiuf
  6532 | D:6      | Reached skill level 1 in Shields
  6543 | D:6      | Found a broken altar of Ashenzari.
  7303 | D:6      | Reached skill level 9 in Throwing
  7939 | D:7      | Reached skill level 5 in Fighting
  8230 | D:7      | Reached XP level 9. HP: 62/88 MP: 11/11
  8530 | D:7      | Found a basalt altar of Yredelemnul.
  9177 | D:8      | Noticed a death yak
  9178 | D:8      | Found a staircase to the Lair.
  9178 | D:8      | Noticed a death yak
  9178 | D:8      | Noticed a death yak
  9178 | D:8      | Reached ** piety under the Shining One
  9451 | D:7      | Killed a death yak
  9452 | D:7      | Reached skill level 10 in Throwing
  9865 | D:8      | Reached skill level 11 in Throwing
  9916 | D:8      | Reached XP level 10. HP: 49/100 MP: 13/13
 10348 | D:8      | Noticed a rakshasa
 10364 | D:8      | Killed a rakshasa
 10365 | D:8      | Reached skill level 12 in Throwing
 10839 | D:7      | Killed a death yak
 10865 | D:7      | Killed a death yak
 10866 | D:7      | Reached skill level 5 in Invocations
 11076 | D:8      | Reached skill level 13 in Throwing
 11135 | D:8      | Found a bloodstained altar of Trog.
 11208 | D:8      | Found a shimmering altar of Xom.
 11208 | D:8      | Found a shimmering altar of Xom.
 11234 | D:8      | Reached XP level 11. HP: 98/109 MP: 14/14
 11306 | D:8      | Found a shimmering altar of Xom.
 11457 | D:8      | Reached *** piety under the Shining One
 11893 | D:9      | Found a snail-covered altar of Cheibriados.
 11907 | D:9      | Reached skill level 5 in Armour
 12239 | D:9      | Reached **** piety under the Shining One
 12247 | D:9      | Found a staircase to the Orcish Mines.
 13155 | D:10     | Entered Level 10 of the Dungeon
 13383 | D:10     | Got a smoking tin amulet
 14119 | D:11     | Reached ***** piety under the Shining One
 14125 | D:11     | Noticed an unseen horror
 14406 | D:11     | Noticed a manticore
 14414 | D:11     | Killed a manticore
 14415 | D:11     | Reached skill level 14 in Throwing
 14568 | D:11     | Killed an unseen horror
 14946 | D:11     | Noticed a wizard
 14976 | D:11     | Killed a wizard
 15328 | D:11     | Noticed a wizard
 15334 | D:11     | Killed a wizard
 15737 | D:11     | Reached XP level 12. HP: 122/122 MP: 16/16
 15938 | D:12     | Found a gate leading to a gauntlet.
 15963 | Gauntlet | Entered a Gauntlet
 15963 | Gauntlet | Found a transporter.
 15963 | Gauntlet | Found a transporter.
 15967 | Gauntlet | Found a transporter.
 15967 | Gauntlet | Found a transporter.
 15973 | Gauntlet | Noticed a tengu warrior
 15979 | Gauntlet | Found a transporter.
 15982 | Gauntlet | Found a transporter.
 15987 | Gauntlet | Found a transporter.
 15987 | Gauntlet | Found a transporter.
 15987 | Gauntlet | Reached ****** piety under the Shining One
 16029 | Gauntlet | Found a transporter.
 16059 | Gauntlet | Found a transporter.
 16089 | Gauntlet | Found a transporter.
 16104 | Gauntlet | Found a transporter.
 16156 | Gauntlet | Found a transporter.
 16170 | Gauntlet | Found a transporter.
 16243 | Gauntlet | Identified a +2 giant spiked club of holy wrath (a +0 giant
                  | spiked club blessed by the Shining One)
 16243 | Gauntlet | Received a gift from the Shining One
 16311 | Gauntlet | Found a transporter.
 16314 | Gauntlet | Found a transporter.
 16403 | Gauntlet | Identified the amulet of Hedonism {Spirit rF+ Str+3 Int+2}
                  | (You found it on level 10 of the Dungeon)
 16591 | Gauntlet | HP: 2/122 [harpy simulacrum (20)]
 16596 | Gauntlet | The Shining One protects you from harm!
 16610 | Gauntlet | Got a steaming wooden ring
 17090 | Gauntlet | Noticed a minotaur
 17108 | Gauntlet | Killed a minotaur
 17519 | D:12     | Identified the ring of Nuapt {Fire rPois Int+4 Slay-5 SInv}
                  | (You found it in a Gauntlet)
 17906 | D:12     | Noticed an eight-headed hydra
 17912 | D:12     | Killed an eight-headed hydra
 18009 | D:12     | Reached skill level 15 in Throwing
 18652 | D:12     | Found a runed translucent door.
 18652 | D:12     | Noticed a seven-headed hydra
 18706 | D:12     | closed in Hydra
 18884 | Lair:1   | Entered Level 1 of the Lair of Beasts
 19884 | Lair:2   | Noticed a death yak
 19945 | Lair:1   | HP: 6/123 [poisoned by a black mamba]
 19950 | Lair:1   | HP: 6/123 [poisoned by a black mamba]
 19955 | Lair:1   | HP: 5/123 [poisoned by a black mamba]
 19963 | Lair:1   | HP: 6/123 [poisoned by a black mamba]
 20392 | Lair:2   | Found a frozen archway.
 20425 | IceCv    | Entered an ice cave
 20451 | IceCv    | Reached skill level 16 in Throwing
 20461 | IceCv    | Reached skill level 1 in Maces & Flails
 20962 | IceCv    | Reached XP level 13. HP: 89/131 MP: 19/19
 21385 | IceCv    | Noticed a white draconian
 21405 | IceCv    | Killed a white draconian
 21406 | IceCv    | Reached skill level 5 in Maces & Flails
 21429 | IceCv    | Reached skill level 10 in Fighting
 21535 | IceCv    | Got a brightly glowing hat
 21541 | IceCv    | Identified the +1 hat of the Lich-sworn {rF+ Str+3 Dex+3}
                  | (You found it in an ice cave)
 22451 | Lair:2   | Found a staircase to the Snake Pit.
 23262 | Lair:2   | Reached XP level 14. HP: 148/149 MP: 20/20
 25107 | Lair:3   | Reached skill level 10 in Maces & Flails
 26111 | Lair:4   | Learned a level 2 spell: Wereblood
 26113 | Lair:4   | Learned a level 1 spell: Corona
 26347 | Lair:4   | Reached skill level 1 in Spellcasting
 26491 | Lair:4   | Reached skill level 1 in Hexes
 26491 | Lair:4   | Reached skill level 1 in Transmutations
 26725 | Lair:4   | Found a staircase to the Swamp.
 27525 | Lair:5   | Noticed Sonja
 27646 | Lair:5   | Killed Sonja
 28066 | Lair:6   | Entered Level 6 of the Lair of Beasts
 28119 | Lair:6   | Reached skill level 5 in Spellcasting
 28139 | Lair:6   | Reached XP level 15. HP: 69/158 MP: 18/22
 29204 | Lair:6   | Got a masterwork scimitar
 30480 | Lair:6   | Found a staircase to the Slime Pits.
 30480 | Lair:6   | Found a viscous altar of Jiyva.
 30750 | Lair:6   | Learned a level 2 spell: Blink
 30754 | Lair:6   | Learned a level 3 spell: Tukima's Dance
 30904 | D:8      | Identified the cursed +3 scimitar of Anguish {vorpal, Dex+3
                  | Stlth+} (You found it on level 6 of the Lair of Beasts)
 30933 | Orc:1    | Entered Level 1 of the Orcish Mines
 30954 | Orc:1    | Reached skill level 1 in Translocations
 31076 | Orc:2    | Entered Level 2 of the Orcish Mines
 31118 | Orc:2    | Reached skill level 5 in Transmutations
 31119 | Orc:2    | Reached skill level 5 in Hexes
 31836 | Orc:2    | Found a staircase to the Elven Halls.
 32082 | Orc:2    | Found Julap's Book Shoppe.
 32100 | Orc:2    | Found Xaalat's Armour Shoppe.
 32101 | Orc:2    | Found Cuor's Antique Armour Shop.
 32101 | Orc:2    | Found Bihaog's Armour Shop.
 32158 | Orc:2    | Bought an embroidered cloak for 240 gold pieces
 32264 | Orc:1    | Noticed Urug
 32269 | Orc:1    | Killed Urug
 33245 | D:12     | Reached skill level 17 in Throwing
 33585 | D:13     | Identified 2 scrolls of acquirement
 33585 | D:13     | Acquired 842 gold pieces
 33587 | D:13     | Acquired the +2 hat of Ytogim {rF++ SInv}
 33623 | D:13     | Noticed Rupert
 33631 | D:13     | Killed Rupert
 33632 | D:13     | Reached XP level 16. HP: 169/169 MP: 28/28
 34825 | D:14     | Reached skill level 10 in Invocations
 35591 | D:14     | Gained mutation: Your spells are a little harder to cast,
                  | but a little more powerful. [potion of mutation]
 35591 | D:14     | Gained mutation: You are dopey. (Int -2) [potion of
                  | mutation]
 35591 | D:14     | Gained mutation: Your spells are harder to cast, but more
                  | powerful. [potion of mutation]
 35592 | D:14     | Lost mutation: You are dopey. (Int -2) [potion of mutation]
 35592 | D:14     | Lost mutation: Your spells are harder to cast, but more
                  | powerful. [potion of mutation]
 35592 | D:14     | Gained mutation: You are frail. (-10% HP) [potion of
                  | mutation]
 35592 | D:14     | Lost mutation: You are frail. (-10% HP) [potion of
                  | mutation]
 35592 | D:14     | Gained mutation: You have sharp toenails. [potion of
                  | mutation]
 35706 | D:14     | Reached skill level 18 in Throwing
 35901 | D:14     | Found a gate to the Vaults.
 36357 | D:15     | Entered Level 15 of the Dungeon
 36772 | D:15     | Found Omuch's Distillery.
 36993 | D:15     | Found a staircase to the Depths.
 37667 | D:15     | Noticed Kirke
 37672 | D:15     | Killed Kirke
 38498 | Swamp:1  | Entered Level 1 of the Swamp
 39661 | Swamp:2  | Reached XP level 17. HP: 176/176 MP: 29/29
 40339 | Swamp:3  | Reached skill level 15 in Invocations
 40363 | Swamp:3  | Reached skill level 19 in Throwing
 40955 | Swamp:4  | Entered Level 4 of the Swamp
 41252 | Swamp:4  | Noticed Aizul
 42817 | Swamp:3  | Upgraded the game from 0.26.0-16-gc1dbca0489 to
                  | 0.26.0-45-g9c1d065592
 42834 | Swamp:4  | Killed Aizul
 42847 | Swamp:3  | HP: 5/179 [eight-headed hydra (12)]
 42847 | Swamp:3  | The Shining One protects you from harm!
 42848 | Swamp:3  | HP: 1/179 [eight-headed hydra (4)]
 42848 | Swamp:3  | The Shining One protects you from harm!
 43590 | Swamp:4  | Got a decaying rune of Zot
 43833 | Swamp:4  | Upgraded the game from 0.26.0-45-g9c1d065592 to
                  | 0.26.1-11-gd32895ea62
 43833 | Swamp:4  | Quit the game

Illustrated notes #.# #.##......#####.# #. #.# #.######### #.#######. #.# #.# #......... ..# #.# ##### #.######## ### #.# #)..# ###.# #.# #...# #...# #.# .g. ##### ### #.# #+# ..# #.# ♣@♣♣ #.# #.# ♣♣.♣ #.# #.# ♣.♣♣ #.# #.# ♣♣.♣ #.# #####.# ♣♣.♣♣ #### #.# #.....# ♣♣...♣ #..# ### #.# #.##### ♣....♣ ##)# #.. #.# #.# #....# #.# #.. #.####.########....####.# #.. Turn 6201 on D:5: Yiuf

#..#.#.#.## #.##.....##
#.#...#### #.##.....#
#.##.## #.########
###.##.## #.# #.......#
##.## ####.#.##..# ##...##
##.##.#.##..######...>.#
####...#.#..#..#..........#
...............#@####.....#
...............#.# ##....#
#####.##.......#.# ###..#.#
# ###.###.....##.# #......#
###...# #.....##.###......#
....### ###.####..........#
....# #.# #####.....##
....#######.# ##.....#
............# ##....###


Turn 18706 on D:12: closed in Hydra

Levels and vault maps discovered:
D:1:      sevenhm_arrival_forest_fort_small_4, layout_loops_ring
D:2:      layout_loops_ring, chequers_garden, uniq_robin
D:3:      layout_basic, grunt_temple_overflow_open, uniq_natasha, uniq_terence
D:4:      layout_basic, lemuel_crystal_altar,
          minmay_temple_entry_enclosed_plants
D:5:      layout_loops_ring, uniq_crazy_yiuf_cottage
D:6:      layout_layer_cave, ashenzari_altar_1
D:7:      layout_layer_cave, yredelemnul_forgotten_temple_becter
D:8:      minmay_quarter_circles, layout_cave_pods, xom_shifter_show,
          dpeg_lair_monsters, trog_book
D:9:      lemuel_flame_loot_2, layout_gridville, david_orc_3,
          lemuel_statue_altar
D:10:     layout_loops_ring
D:11:     cheibrodos_wizards_tower, layout_gridville, minmay_misc_feat_tower
D:12:     layout_loops_ring, gauntlet_entry_generic, minivault_13
D:13:     layout_basic, hangedman_parallel_progression, uniq_rupert
D:14:     layout_long_grid, grunt_vaults_entry_tiered, grunt_decor_resistance
D:15:     grunt_enter_depths_snipers, layout_basic, serial_shops, shop,
          minmay_misc_feat_cross, uniq_kirke
Temple:   nicolae_temple_x_marks_the_god
Lair:1:   beast_lair_carwin_large_2, layout_cellular_growth, patterned_corridor,
          grunt_megastairs_5, lemuel_fruit_fields
Lair:2:   nzn_winding_woodlands_large [nzn_winding_woodlands_5x5_cross,
          nzn_winding_woodlands_5x15_parted,
          nzn_winding_woodlands_5x5_perimeter,
          nzn_winding_woodlands_center_triple_pond,
          nzn_winding_woodlands_15x15_boxy_spiral,
          nzn_winding_woodlands_center_lodge, nzn_winding_woodlands_5x5_default,
          nzn_winding_woodlands_5x15_lazy_stream,
          nzn_winding_woodlands_hourglass], layout_cave_shapes,
          minmay_snake_entry_guardpost_medium, portal_ice_cave_entry_imps,
          serial_bayou_pond_b, disabler_island
Lair:3:   lemuel_ratsnest, layout_hall_layers
Lair:4:   layout_roguey, minmay_swamp_entry_worms
Lair:5:   layout_hall_layers, uniq_sonja
Lair:6:   minmay_lair_end_frog_pond, layout_misc_corridors, slime_altar_1
Swamp:1:  layout_basic_swamp, nicolae_swamp_orc_logging_accident,
          infiniplex_staircase_pool_2
Swamp:2:  layout_basic_swamp, nicolae_swamp_trees_clearing
Swamp:3:  layout_basic_swamp, hangedman_swamp_blocks, swamp_pool3
Swamp:4:  swamp_alternative, layout_basic_swamp, uniq_aizul
Orc:1:    layout_diamond_mine, uniq_urug
Orc:2:    st_orc_elflike, layout_diamond_mine

Skill      XL: |  1  2  3  4  5  6  7  8  9 10 11 12 13 14 15 16 17 |
---------------+----------------------------------------------------+-----
Throwing       | 5 6 7 8 9 11 13 14 16 17 18 19 | 19.9
Fighting       | 3 4 5 6 7 8 9 12 13 14 | 14.0
Dodging        | 2 3 |  3.5
Armour         | 1 2 3 4 5 |  5.9
Invocations    | 2 3 4 5 6 9 14 16 | 16.1
Shields        | 1 |  1.2
Maces & Flails | 2 8 10 | 10.9
Spellcasting   | 5 8 |  8.0
Hexes          | 2 5 |  5.0
Transmutations | 2 5 |  5.1
Translocations | 2 |  2.0
Stealth        | |  0.6

Action                   |  1- 3 |  4- 6 |  7- 9 | 10-12 | 13-15 | 16-18 || total
-------------------------+-------+-------+-------+-------+-------+-------++-------
Melee: Short sword       |    35 |       |       |       |       |       ||    35
       Dagger            |    25 |    67 |    68 |       |       |       ||   160
       Great mace        |       |       |    87 |    45 |       |       ||   132
       Battleaxe         |       |       |       |   154 |   252 |       ||   406
       Morningstar       |       |       |       |    11 |       |       ||    11
       Mace              |       |       |       |       |   243 |   249 ||   492
       Giant spiked club |       |       |       |       |    11 |       ||    11
       Kick              |       |       |       |       |       |    37 ||    37
Throw: Large rock        |     5 |     3 |       |     5 |    48 |    33 ||    94
       Stone             |    56 |   151 |   167 |    18 |    28 |       ||   420
       Dart              |    10 |    46 |    77 |   171 |   278 |    91 ||   673
       Boomerang         |       |       |    91 |   304 |   116 |   281 ||   792
       Throwing net      |       |       |     1 |       |     2 |       ||     3
       Javelin           |       |       |       |    43 |   253 |   170 ||   466
 Cast: Wereblood         |       |       |       |       |     9 |    10 ||    19
       Corona            |       |       |       |       |     8 |       ||     8
       Blink             |       |       |       |       |     4 |    19 ||    23
       Tukima's Dance    |       |       |       |       |     1 |     2 ||     3
Invok: Divine Shield     |       |       |     1 |     5 |    11 |     4 ||    21
       Cleansing Flame   |       |       |       |     2 |     1 |       ||     3
       Brand Weapon With |       |       |       |     1 |       |       ||     1
Evoke: Wand              |       |       |       |     4 |       |       ||     4
       Phial of floods   |       |       |       |       |       |     1 ||     1
  Use: Potion            |       |     3 |     2 |     3 |     2 |     2 ||    12
       Scroll            |       |       |       |    24 |    10 |     6 ||    40
 Stab: Sleeping          |     1 |       |       |       |       |       ||     1
Armor: Robe              |    11 |    14 |    26 |       |       |       ||    51
       Fire dragon scale |       |       |    53 |   197 |   296 |   115 ||   661
       Acid dragon scale |       |       |       |       |       |   195 ||   195
Dodge: Dodged            |    42 |    28 |   107 |   190 |   285 |   225 ||   877
Block: Other             |       |     4 |    15 |    22 |    95 |    37 ||   173
